TOP OF THE 1ST |
Northwest Arkansas Naturals batting - Pitching for New Hampshire Fisher Cats : LHP Eddie Muniz
|
Pitching: LHP Eddie Muniz
|
|
Batting: SHB Ryoji Hiraoka
|
0-0: Ball 1-0: Called Strike 1-1: Ball 2-1: Foul Ball, location: 2F 2-2: SINGLE (Flyball, 78S, EV 93.8 MPH)
|
Batting: RHB Yuichi Takata
|
0-0: Ball Ryoji Hiraoka is caught stealing 2nd base 2-4 1-0: Ball 2-0: Foul Ball, location: 2F 2-1: Ball 3-1: Base on Balls
|
Batting: LHB Robby Diaz
|
0-0: Swinging Strike 0-1: Ball 1-1: Ball Yuichi Takata is caught stealing 2nd base 2-6 2-1: DOUBLE (Line Drive, 7LM, EV 110.0 MPH)
|
Batting: RHB Ken Postlethwaite
|
0-0: Fly out, F4 (Popup, 4MS, EV 78.8 MPH)
|
Top of the 1st over - 0 runs, 2 hits, 0 errors, 1 left on base; Northwest Arkansas 0 - New Hampshire 0 |
BOTTOM OF THE 1ST |
New Hampshire Fisher Cats batting - Pitching for Northwest Arkansas Naturals : RHP Justin Potts
|
Pitching: RHP Justin Potts
|
|
Batting: RHB Orlando Fernandez
|
0-0: Bunt missed! 0-1: DOUBLE (Flyball, 89D, EV 95.0 MPH)
|
Batting: RHB Bill Murray
|
0-0: Called Strike 0-1: Ball 1-1: Foul Ball, location: 2F 1-2: Fly out, F8 (Flyball, 8RM, EV 94.4 MPH)
|
Batting: RHB Jorge Baret
|
0-0: Called Strike 0-1: Called Strike 0-2: Strikes out swinging
|
Batting: RHB Butch Koglin
|
0-0: Foul Ball, location: 2F 0-1: Ball 1-1: Foul Ball, location: 2F 1-2: Ball 2-2: Ground out 6-3 (Groundball, 4M, EV 81.9 MPH)
|
Bottom of the 1st over - 0 runs, 1 hit, 0 errors, 1 left on base; Northwest Arkansas 0 - New Hampshire 0 |
TOP OF THE 2ND |
Northwest Arkansas Naturals batting - Pitching for New Hampshire Fisher Cats : LHP Eddie Muniz
|
Batting: RHB Danny Weisse
|
0-0: Swinging Strike 0-1: Ball 1-1: Ball 2-1: Called Strike 2-2: Strikes out swinging
|
Batting: RHB Kazuki Arai
|
0-0: Swinging Strike 0-1: Ball 1-1: Called Strike 1-2: Ball 2-2: Fly out, F6 (Popup, 6M, EV 73.8 MPH)
|
Batting: RHB Edwin Ramos
|
0-0: Ground out 6-3 (Groundball, 6, EV 90.6 MPH)
|
Top of the 2nd over - 0 runs, 0 hits, 0 errors, 0 left on base; Northwest Arkansas 0 - New Hampshire 0 |
BOTTOM OF THE 2ND |
New Hampshire Fisher Cats batting - Pitching for Northwest Arkansas Naturals : RHP Justin Potts
|
Batting: RHB Selam Chimsima
|
0-0: Called Strike 0-1: Foul Ball, location: 2F 0-2: Ball 1-2: Strikes out swinging
|
Batting: RHB Justin Powell
|
0-0: DOUBLE (Line Drive, 9LM, EV 111.9 MPH)
|
Batting: SHB Tristan Dearing
|
0-0: Ball 1-0: Ball 2-0: Ball 3-0: Base on Balls
|
Batting: RHB Kirk Seiffert
|
0-0: Foul Ball, location: 2F 0-1: Ball 1-1: Ball 2-1: Ball 3-1: Swinging Strike 3-2: Foul Ball, location: 2F 3-2: Fielders Choice at 2nd, 4-6 (Groundball, 4, EV 82.5 MPH) Justin Powell to third
|
Pitching: RHP Josh Rutledge
|
|
Batting: LHB Eddie Muniz
|
0-0: Ball 1-0: Ball 2-0: Ball 3-0: Base on Balls Kirk Seiffert to second
|
Batting: RHB Orlando Fernandez
|
0-0: SINGLE (Groundball, 6S, EV 72.5 MPH) (infield hit) Justin Powell scores Kirk Seiffert to third Eddie Muniz to second
|
Batting: RHB Bill Murray
|
0-0: Fly out, F3 (Popup, 3SF, EV 66.2 MPH)
|
Bottom of the 2nd over - 1 run, 2 hits, 0 errors, 3 left on base; Northwest Arkansas 0 - New Hampshire 1 |
TOP OF THE 3RD |
Northwest Arkansas Naturals batting - Pitching for New Hampshire Fisher Cats : LHP Eddie Muniz
|
Batting: RHB Ben Minge
|
0-0: Called Strike 0-1: Called Strike 0-2: Ball 1-2: SINGLE (Line Drive, 56D, EV 105.0 MPH)
|
Batting: RHB Oren Jones
|
0-0: SINGLE (Line Drive, 5D, EV 96.9 MPH) Ben Minge to second
|
Batting: SHB Ryoji Hiraoka
|
0-0: Called Strike 0-1: Called Strike 0-2: Foul Ball, location: 2F 0-2: Strikes out swinging
|
Batting: RHB Yuichi Takata
|
0-0: Swinging Strike 0-1: Ball 1-1: SINGLE (Groundball, 4, EV 96.9 MPH) Ben Minge to third Oren Jones to second
|
Batting: LHB Robby Diaz
|
0-0: Called Strike 0-1: Ball 1-1: SINGLE (Flyball, 8LS, EV 97.5 MPH) Ben Minge scores Oren Jones to third Yuichi Takata to second
|
Batting: RHB Ken Postlethwaite
|
0-0: Ball 1-0: DOUBLE (Line Drive, 7LS, EV 96.2 MPH) Oren Jones scores Yuichi Takata scores Robby Diaz to third
|
Batting: RHB Danny Weisse
|
0-0: Called Strike 0-1: SINGLE (Groundball, 4MD, EV 100.6 MPH) Robby Diaz scores Ken Postlethwaite to third Runner from 3rd tries for Home, SAFE, throw by CF to home Danny Weisse to second
|
Batting: RHB Kazuki Arai
|
0-0: Ball 1-0: SINGLE (Groundball, 4M, EV 106.9 MPH) (infield hit) Danny Weisse to third
|
Pitching: RHP Andres de Leon
|
|
Batting: RHB Edwin Ramos
|
0-0: Fly out, F4 (Popup, 4M, EV 63.1 MPH)
|
Batting: RHB Ben Minge
|
0-0: Swinging Strike 0-1: Foul Ball, location: 2F 0-2: Ball 1-2: Ball 2-2: Foul Ball, location: 2F 2-2: Strikes out swinging
|
Top of the 3rd over - 5 runs, 7 hits, 0 errors, 2 left on base; Northwest Arkansas 5 - New Hampshire 1 |
BOTTOM OF THE 3RD |
New Hampshire Fisher Cats batting - Pitching for Northwest Arkansas Naturals : RHP Josh Rutledge
|
Batting: RHB Jorge Baret
|
0-0: Ground out 5-3 (Groundball, 56S, EV 67.5 MPH)
|
Batting: RHB Butch Koglin
|
0-0: Ball 1-0: Ball 2-0: Ball 3-0: Base on Balls
|
Batting: RHB Selam Chimsima
|
0-0: Ball 1-0: Called Strike 1-1: Ball 2-1: Foul Ball, location: 2F 2-2: Foul Ball, location: 2F 2-2: Foul Ball, location: 2F 2-2: Ball 3-2: Foul Ball, location: 2F 3-2: Fly out, F7 (Flyball, 78D, EV 85.0 MPH)
|
Batting: RHB Justin Powell
|
0-0: Ground out 5-3 (Groundball, 56S, EV 90.0 MPH)
|
Bottom of the 3rd over - 0 runs, 0 hits, 0 errors, 1 left on base; Northwest Arkansas 5 - New Hampshire 1 |
TOP OF THE 4TH |
Northwest Arkansas Naturals batting - Pitching for New Hampshire Fisher Cats : RHP Andres de Leon
|
Batting: RHB Oren Jones
|
0-0: Foul Ball, location: 2F 0-1: Ball 1-1: Swinging Strike 1-2: Foul Ball, location: 2F 1-2: Ball 2-2: Ball 3-2: DOUBLE (Flyball, 8RXD, EV 109.4 MPH)
|
Batting: SHB Ryoji Hiraoka
|
0-0: Foul Ball, location: 2F 0-1: Swinging Strike 0-2: Ball 1-2: Foul Ball, location: 2F 1-2: Ball 2-2: Foul Ball, location: 2F 2-2: Ball 3-2: Foul Ball, location: 2F 3-2: Foul Ball, location: 2F 3-2: Strikes out swinging
|
Batting: RHB Yuichi Takata
|
0-0: Called Strike 0-1: Called Strike 0-2: SINGLE (Flyball, 78S, EV 97.5 MPH) Oren Jones to third
|
Batting: LHB Robby Diaz
|
0-0: Ball 1-0: DOUBLE (Line Drive, 7LM, EV 104.4 MPH) Oren Jones scores Yuichi Takata to third Runner from 3rd tries for Home, SAFE, no throw by LF
|
Batting: RHB Ken Postlethwaite
|
0-0: Ball 1-0: Ball 2-0: Ball 3-0: Called Strike 3-1: Base on Balls
|
Batting: RHB Danny Weisse
|
0-0: Ball 1-0: Swinging Strike 1-1: Foul Ball, location: 2F 1-2: Foul Ball, location: 2F 1-2: Ball 2-2: Foul Ball, location: 2F 2-2: Strikes out swinging
|
Batting: RHB Kazuki Arai
|
0-0: Foul Ball, location: 2F 0-1: Ball 1-1: Foul Ball, location: 2F 1-2: Ball 2-2: Fly out, F9 (Flyball, 9D, EV 108.1 MPH)
|
Top of the 4th over - 2 runs, 3 hits, 0 errors, 2 left on base; Northwest Arkansas 7 - New Hampshire 1 |
BOTTOM OF THE 4TH |
New Hampshire Fisher Cats batting - Pitching for Northwest Arkansas Naturals : RHP Josh Rutledge
|
Batting: SHB Tristan Dearing
|
0-0: Called Strike 0-1: Ball 1-1: Ball 2-1: Ball 3-1: Foul Ball, location: 2F 3-2: Foul Ball, location: 2F 3-2: Ground out 1-3 (Groundball, 13S, EV 73.8 MPH)
|
Batting: RHB Kirk Seiffert
|
0-0: Called Strike 0-1: Foul Ball, location: 2F 0-2: Strikes out looking
|
Batting: LHB Eddie Muniz
|
0-0: Called Strike 0-1: Ball 1-1: Foul Ball, location: 2F 1-2: Ball 2-2: Ball 3-2: Foul Ball, location: 2F 3-2: Foul Ball, location: 2F 3-2: Ground out 6-3 (Groundball, 4MD, EV 77.5 MPH)
|
Bottom of the 4th over - 0 runs, 0 hits, 0 errors, 0 left on base; Northwest Arkansas 7 - New Hampshire 1 |
TOP OF THE 5TH |
Northwest Arkansas Naturals batting - Pitching for New Hampshire Fisher Cats : RHP Andres de Leon
|
Batting: RHB Edwin Ramos
|
0-0: Ground out 6-3 (Groundball, 56, EV 84.4 MPH)
|
Batting: RHB Ben Minge
|
0-0: Ball 1-0: Called Strike 1-1: Swinging Strike 1-2: Strikes out swinging
|
Batting: RHB Oren Jones
|
0-0: Called Strike 0-1: Ground out 6-3 (Groundball, 6, EV 79.4 MPH)
|
Top of the 5th over - 0 runs, 0 hits, 0 errors, 0 left on base; Northwest Arkansas 7 - New Hampshire 1 |
BOTTOM OF THE 5TH |
New Hampshire Fisher Cats batting - Pitching for Northwest Arkansas Naturals : RHP Josh Rutledge
|
Pitching: RHP Gary Ackerman
|
|
Batting: RHB Orlando Fernandez
|
0-0: Ground out 4-3 (Groundball, 4, EV 80.0 MPH)
|
Batting: RHB Bill Murray
|
0-0: Called Strike 0-1: Ball 1-1: Swinging Strike 1-2: Ball 2-2: Foul Ball, location: 2F 2-2: Strikes out swinging
|
Batting: RHB Jorge Baret
|
0-0: Fly out, F6 (Line Drive, 6, EV 74.4 MPH)
|
Bottom of the 5th over - 0 runs, 0 hits, 0 errors, 0 left on base; Northwest Arkansas 7 - New Hampshire 1 |
TOP OF THE 6TH |
Northwest Arkansas Naturals batting - Pitching for New Hampshire Fisher Cats : RHP Andres de Leon
|
Batting: SHB Ryoji Hiraoka
|
0-0: Called Strike 0-1: Ball 1-1: Called Strike 1-2: Strikes out swinging
|
Pitching: RHP Mel Schultz
|
|
Batting: RHB Yuichi Takata
|
0-0: Ball 1-0: Swinging Strike 1-1: Called Strike 1-2: Ball 2-2: Ball 3-2: Base on Balls
|
Batting: LHB Robby Diaz
|
0-0: Foul Ball, location: 2F 0-1: Fly out, F4 (Line Drive, 34, EV 69.4 MPH)
|
Batting: RHB Ken Postlethwaite
|
0-0: Called Strike Yuichi Takata steals 2nd base 0-1: Foul Ball, location: 2F 0-2: Foul Ball, location: 2F 0-2: Ball 1-2: SINGLE (Line Drive, 34D, EV 98.8 MPH) Yuichi Takata to third
|
Batting: RHB Danny Weisse
|
0-0: Swinging Strike 0-1: Foul Ball, location: 2F 0-2: Ball 1-2: Ball 2-2: Strikes out swinging
|
Top of the 6th over - 0 runs, 1 hit, 0 errors, 2 left on base; Northwest Arkansas 7 - New Hampshire 1 |
BOTTOM OF THE 6TH |
New Hampshire Fisher Cats batting - Pitching for Northwest Arkansas Naturals : RHP Gary Ackerman
|
Batting: RHB Butch Koglin
|
0-0: Ball 1-0: Ball 2-0: Foul Ball, location: 2F 2-1: Swinging Strike 2-2: Strikes out swinging
|
Batting: RHB Selam Chimsima
|
0-0: Foul Ball, location: 2F 0-1: Ground out 1-3 (Groundball, 13, EV 64.4 MPH)
|
Batting: RHB Justin Powell
|
0-0: Called Strike 0-1: Ball 1-1: SINGLE (Groundball, 5S, EV 64.4 MPH) (infield hit)
|
Batting: SHB Tristan Dearing
|
0-0: Ball 1-0: Ball Justin Powell is caught stealing 2nd base 2-6
|
Bottom of the 6th over - 0 runs, 1 hit, 0 errors, 0 left on base; Northwest Arkansas 7 - New Hampshire 1 |
TOP OF THE 7TH |
Northwest Arkansas Naturals batting - Pitching for New Hampshire Fisher Cats : RHP Mel Schultz
|
Batting: RHB Kazuki Arai
|
0-0: Ball 1-0: Called Strike 1-1: Foul Ball, location: 2F 1-2: Ground out U3 (Groundball, 34, EV 94.4 MPH)
|
Batting: RHB Edwin Ramos
|
0-0: Ball 1-0: Called Strike 1-1: Ball 2-1: Called Strike 2-2: Fly out, F8 (Flyball, 8RM, EV 75.6 MPH)
|
Batting: RHB Ben Minge
|
0-0: Ball 1-0: Ball 2-0: Foul Ball, location: 2F 2-1: Swinging Strike 2-2: Ball 3-2: Strikes out swinging
|
Top of the 7th over - 0 runs, 0 hits, 0 errors, 0 left on base; Northwest Arkansas 7 - New Hampshire 1 |
BOTTOM OF THE 7TH |
New Hampshire Fisher Cats batting - Pitching for Northwest Arkansas Naturals : RHP Gary Ackerman
|
Batting: SHB Tristan Dearing
|
0-0: Ball 1-0: Ball 2-0: Fly out, F7 (Flyball, 78S, EV 88.8 MPH)
|
Batting: RHB Kirk Seiffert
|
0-0: Ground out U3 (Groundball, 34, EV 89.4 MPH)
|
Batting: LHB Eddie Muniz
|
0-0: Ball 1-0: Ball 2-0: Ball 3-0: Base on Balls
|
Batting: RHB Orlando Fernandez
|
0-0: Called Strike 0-1: Swinging Strike 0-2: Ball 1-2: Foul Ball, location: 2F 1-2: Foul Ball, location: 2F 1-2: Ball 2-2: Ball 3-2: Base on Balls Eddie Muniz to second
|
Batting: RHB Bill Murray
|
0-0: Called Strike 0-1: SINGLE (Groundball, 56D, EV 96.9 MPH) Eddie Muniz to third Orlando Fernandez to second Runner from 3rd tries for Home, SAFE, throw by LF to home
|
Pitching: RHP Matt Carnevale
|
|
Batting: RHB Jorge Baret
|
0-0: Ground out 1-3 (Groundball, P, EV 69.4 MPH)
|
Bottom of the 7th over - 1 run, 1 hit, 0 errors, 2 left on base; Northwest Arkansas 7 - New Hampshire 2 |
TOP OF THE 8TH |
Northwest Arkansas Naturals batting - Pitching for New Hampshire Fisher Cats : RHP Mel Schultz
|
Batting: RHB Oren Jones
|
0-0: Ball 1-0: Ball 2-0: Foul Ball, location: 2F 2-1: Foul Ball, location: 2F 2-2: Ball 3-2: Strikes out swinging
|
Batting: SHB Ryoji Hiraoka
|
0-0: Foul Ball, location: 2F 0-1: SINGLE (Groundball, 4MD, EV 97.5 MPH)
|
Batting: RHB Yuichi Takata
|
0-0: Called Strike 0-1: Ball Ryoji Hiraoka steals 2nd base 1-1: Swinging Strike 1-2: DOUBLE (Groundball, 5L, EV 96.9 MPH) Ryoji Hiraoka scores
|
Batting: LHB Robby Diaz
|
0-0: Fly out, F9 (Flyball, 89D, EV 83.8 MPH) Runner from 2nd tags up, SAFE at 3rd, no throw by RF
|
Batting: RHB Ken Postlethwaite
|
0-0: Ball 1-0: Called Strike 1-1: SINGLE (Line Drive, 9LS, EV 93.1 MPH) Yuichi Takata scores
|
Pinch Hitting: RHB Chad Sullivan
|
0-0: Ground out U3 (Groundball, 34, EV 84.4 MPH)
|
Top of the 8th over - 2 runs, 3 hits, 0 errors, 1 left on base; Northwest Arkansas 9 - New Hampshire 2 |
BOTTOM OF THE 8TH |
New Hampshire Fisher Cats batting - Pitching for Northwest Arkansas Naturals : RHP Matt Carnevale
|
Now in CF: Chad Sullivan
|
|
Batting: RHB Butch Koglin
|
0-0: Called Strike 0-1: Foul Ball, location: 2F 0-2: Ground out 6-3 (Groundball, 6, EV 86.2 MPH)
|
Pinch Hitting: LHB Rodrigo Briceno
|
0-0: Ball 1-0: Ball 2-0: Ball 3-0: Base on Balls
|
Batting: RHB Justin Powell
|
0-0: Ball 1-0: Fielders Choice at 2nd, 1-4 (Groundball, 15S, EV 66.9 MPH)
|
Batting: SHB Tristan Dearing
|
0-0: Called Strike 0-1: Ground out U3 (Groundball, 3L, EV 88.1 MPH)
|
Bottom of the 8th over - 0 runs, 0 hits, 0 errors, 1 left on base; Northwest Arkansas 9 - New Hampshire 2 |
TOP OF THE 9TH |
Northwest Arkansas Naturals batting - Pitching for New Hampshire Fisher Cats : RHP Mel Schultz
|
Now at 1B: Rodrigo Briceno
|
|
Now at 3B: Butch Koglin
|
|
Pinch Hitting: LHB Josh Moore
|
0-0: Swinging Strike 0-1: Ball 1-1: Foul Ball, location: 2F 1-2: Strikes out swinging
|
Pinch Hitting: RHB Nate De Jongh
|
0-0: Fly out, F9 (Flyball, 89S, EV 87.5 MPH)
|
Batting: RHB Ben Minge
|
0-0: Called Strike 0-1: Ball 1-1: Called Strike 1-2: Strikes out swinging
|
Top of the 9th over - 0 runs, 0 hits, 0 errors, 0 left on base; Northwest Arkansas 9 - New Hampshire 2 |
BOTTOM OF THE 9TH |
New Hampshire Fisher Cats batting - Pitching for Northwest Arkansas Naturals : RHP Matt Carnevale
|
Now at 2B: Yuichi Takata
|
|
Now at 3B: Nate De Jongh
|
|
Now in LF: Josh Moore
|
|
Batting: RHB Kirk Seiffert
|
0-0: Ball 1-0: Swinging Strike 1-1: Ball 2-1: Swinging Strike 2-2: Fly out, F8 (Flyball, 8LM, EV 88.8 MPH)
|
Batting: LHB Eddie Muniz
|
0-0: Ball 1-0: Ball 2-0: Called Strike 2-1: Fly out, F6 (Popup, 6M, EV 78.1 MPH)
|
Pinch Hitting: RHB Frank Caulfield
|
0-0: Foul Ball, location: 2F 0-1: Swinging Strike 0-2: Strikes out swinging
|
Bottom of the 9th over - 0 runs, 0 hits, 0 errors, 0 left on base; Northwest Arkansas 9 - New Hampshire 2 |
|